HS
CHANDLER HS WOLVERINES @ DEER PARK HS FALCONS
03/16/2060
 
TOP OF THE 1ST
Chandler HS Wolverines batting - Pitching for Deer Park HS Falcons : RHP Max Mertus
Pitching: RHP Max Mertus
Batting: RHB Oakley Faz 0-0: Swinging Strike
0-1: Called Strike
0-2: Fly out, F9 (Flyball, 9LM, EV 90.0 MPH)
Batting: RHB Marc Swenson 0-0: Swinging Strike
0-1: Swinging Strike
0-2: Strikes out looking
Batting: RHB Devon Hamrick 0-0: Called Strike
0-1: Ball
1-1: Ball
2-1: Fly out, F7 (Line Drive, 78M, EV 102.5 MPH)
Top of the 1st over - 0 runs, 0 hits, 0 errors, 0 left on base; Chandler HS 0 - Deer Park HS 0
BOTTOM OF THE 1ST
Deer Park HS Falcons batting - Pitching for Chandler HS Wolverines : LHP James Johnston
Pitching: LHP James Johnston
Batting: RHB Kenny Dimick 0-0: Ground out 4-3 (Groundball, 4, EV 91.2 MPH)
Batting: RHB Kellen Brenning 0-0: Ball
1-0: Swinging Strike
1-1: Foul Ball, location: 2F
1-2: Foul Ball, location: 2F
1-2: Foul Ball, location: 2F
1-2: Strikes out looking
Batting: LHB David Hankins 0-0: Ball
1-0: Ground out 4-3 (Groundball, 4, EV 86.9 MPH)
Bottom of the 1st over - 0 runs, 0 hits, 0 errors, 0 left on base; Chandler HS 0 - Deer Park HS 0
TOP OF THE 2ND
Chandler HS Wolverines batting - Pitching for Deer Park HS Falcons : RHP Max Mertus
Batting: LHB Cole Wiggins 0-0: Ball
1-0: Foul Ball, location: 2F
1-1: DOUBLE (Flyball, 89D, EV 95.6 MPH)
Batting: LHB Gavin Knight 0-0: Ball
1-0: Called Strike
1-1: Called Strike
1-2: Strikes out swinging
Batting: LHB Jake Millar 0-0: Fly out, F8 (Line Drive, 8RS, EV 99.4 MPH)
Batting: RHB Micheal Long 0-0: Called Strike
0-1: 2-RUN HOME RUN (Flyball, 7D, EV 94.4 MPH), Distance : 372 ft
Batting: RHB Mitchell Henderson 0-0: Ball
1-0: Called Strike
1-1: SINGLE (Line Drive, 7LS, EV 102.5 MPH)
Batting: RHB Toby Henry 0-0: Ball
1-0: Ball
2-0: Ground out 6-3 (Groundball, 6S, EV 84.4 MPH)
Top of the 2nd over - 2 runs, 3 hits, 0 errors, 1 left on base; Chandler HS 2 - Deer Park HS 0
BOTTOM OF THE 2ND
Deer Park HS Falcons batting - Pitching for Chandler HS Wolverines : LHP James Johnston
Batting: RHB Emmett Bei 0-0: Swinging Strike
0-1: Foul Ball, location: 2F
0-2: Ball
1-2: Strikes out swinging
Batting: SHB Brian Schmitz 0-0: Ball
1-0: Foul Ball, location: 2F
1-1: Foul Ball, location: 2F
1-2: Fly out, F9 (Flyball, 89D, EV 90.0 MPH)
Batting: RHB Mather Saiki 0-0: Ball
1-0: Foul Ball, location: 2F
1-1: Foul Ball, location: 2F
1-2: Ball
2-2: Strikes out looking
Bottom of the 2nd over - 0 runs, 0 hits, 0 errors, 0 left on base; Chandler HS 2 - Deer Park HS 0
TOP OF THE 3RD
Chandler HS Wolverines batting - Pitching for Deer Park HS Falcons : RHP Max Mertus
Batting: RHB Oakley Faz 0-0: Ball
1-0: Foul Ball, location: 2F
1-1: Fly out, F6 (Line Drive, 6, EV 68.8 MPH)
Batting: RHB Marc Swenson 0-0: Fly out, F7 (Flyball, 78S, EV 91.2 MPH)
Batting: RHB Devon Hamrick 0-0: Foul Ball, location: 2F
0-1: Called Strike
0-2: Foul Ball, location: 2F
0-2: Ball
1-2: Foul Ball, location: 2F
1-2: Ball
2-2: SINGLE (Line Drive, 6D, EV 97.5 MPH)
Batting: LHB Cole Wiggins 0-0: Foul Ball, location: 2F
0-1: Ball
1-1: Ground out 4-3 (Groundball, 4, EV 91.9 MPH)
Top of the 3rd over - 0 runs, 1 hit, 0 errors, 1 left on base; Chandler HS 2 - Deer Park HS 0
BOTTOM OF THE 3RD
Deer Park HS Falcons batting - Pitching for Chandler HS Wolverines : LHP James Johnston
Batting: RHB Cody Baker 0-0: Ball
1-0: Ball
2-0: Ball
3-0: Called Strike
3-1: SINGLE (Groundball, 56D, EV 95.0 MPH)
Batting: RHB Keenan Buckhalter 0-0: Swinging Strike
0-1: Called Strike
0-2: Ball
1-2: Foul Ball, location: 2F
1-2: SINGLE (Groundball, 34D, EV 104.4 MPH)
Cody Baker to second
Runner from 2nd tries for 3rd, SAFE, throw by RF made to third
Batting: RHB Corey Palmer 0-0: Foul Ball, location: 2F
0-1: Swinging Strike
0-2: Ball
1-2: Ball
2-2: Foul Ball, location: 2F
2-2: Foul Ball, location: 2F
2-2: Fly out, F9 (Flyball, 89M, EV 76.2 MPH)
Runner from 3rd tags up, SCORES, throw by RF
Batting: RHB Kenny Dimick 0-0: Foul Ball, location: 2F
0-1: Ball
1-1: Fielders Choice at 2nd, 6-4 (Groundball, 6, EV 90.0 MPH)
Batting: RHB Kellen Brenning 0-0: Called Strike
0-1: Ball
Kenny Dimick is caught stealing 2nd base 2-4
Bottom of the 3rd over - 1 run, 2 hits, 0 errors, 0 left on base; Chandler HS 2 - Deer Park HS 1
TOP OF THE 4TH
Chandler HS Wolverines batting - Pitching for Deer Park HS Falcons : RHP Max Mertus
Batting: LHB Gavin Knight 0-0: Ball
1-0: Ground out 4-3 (Groundball, 34, EV 101.2 MPH)
Batting: LHB Jake Millar 0-0: SINGLE (Groundball, 25, EV 66.2 MPH) (infield hit)
Batting: RHB Micheal Long 0-0: Fly out, F8 (Flyball, 78M, EV 93.8 MPH)
Batting: RHB Mitchell Henderson 0-0: Foul Ball, location: 2F
0-1: Ball
1-1: Ground out 1-3 (Groundball, 13, EV 66.9 MPH)
Top of the 4th over - 0 runs, 1 hit, 0 errors, 1 left on base; Chandler HS 2 - Deer Park HS 1
BOTTOM OF THE 4TH
Deer Park HS Falcons batting - Pitching for Chandler HS Wolverines : LHP James Johnston
Batting: RHB Kellen Brenning 0-0: Ball
1-0: Swinging Strike
1-1: Foul Ball, location: 2F
1-2: Foul Ball, location: 2F
1-2: Strikes out looking
Batting: LHB David Hankins 0-0: Called Strike
0-1: Fly out, F8 (Flyball, 89D, EV 76.2 MPH)
Batting: RHB Emmett Bei 0-0: Called Strike
0-1: Foul Ball, location: 2F
0-2: Ball
1-2: Foul Ball, location: 2F
1-2: Ball
2-2: Foul Ball, location: 2F
2-2: Strikes out looking
Bottom of the 4th over - 0 runs, 0 hits, 0 errors, 0 left on base; Chandler HS 2 - Deer Park HS 1
TOP OF THE 5TH
Chandler HS Wolverines batting - Pitching for Deer Park HS Falcons : RHP Max Mertus
Batting: RHB Toby Henry 0-0: Bunted foul
0-1: Fly out, F5 (Popup, 25, EV 43.1 MPH)
Batting: RHB Oakley Faz 0-0: SINGLE (Groundball, 6MD, EV 101.2 MPH)
Batting: RHB Marc Swenson 0-0: Foul Ball, location: 2F
0-1: Foul Ball, location: 2F
0-2: Ball
1-2: Foul Ball, location: 2F
1-2: Ball
2-2: Foul Ball, location: 2F
2-2: Fly out, F9 (Flyball, 9S, EV 97.5 MPH)
Batting: RHB Devon Hamrick 0-0: Ball
Oakley Faz is caught stealing 2nd base 2-4
Top of the 5th over - 0 runs, 1 hit, 0 errors, 0 left on base; Chandler HS 2 - Deer Park HS 1
BOTTOM OF THE 5TH
Deer Park HS Falcons batting - Pitching for Chandler HS Wolverines : LHP James Johnston
Batting: SHB Brian Schmitz 0-0: Swinging Strike
0-1: Ball
1-1: Ball
2-1: Foul Ball, location: 2F
2-2: Ball
3-2: Foul Ball, location: 2F
3-2: Strikes out looking
Batting: RHB Mather Saiki 0-0: SOLO HOME RUN (Flyball, 9D, EV 104.4 MPH), Distance : 375 ft
Batting: RHB Cody Baker 0-0: Swinging Strike
0-1: Ball
1-1: Foul Ball, location: 2F
1-2: Ball
2-2: SOLO HOME RUN (Flyball, 7D, EV 98.1 MPH), Distance : 373 ft
Batting: RHB Keenan Buckhalter 0-0: Ball
1-0: Ground out 5-3 (Groundball, 5L, EV 86.2 MPH)
Batting: RHB Corey Palmer 0-0: Called Strike
0-1: Swinging Strike
0-2: Ball
1-2: Foul Ball, location: 2F
1-2: Ball
2-2: Foul Ball, location: 2F
2-2: Strikes out swinging
Bottom of the 5th over - 2 runs, 2 hits, 0 errors, 0 left on base; Chandler HS 2 - Deer Park HS 3
TOP OF THE 6TH
Chandler HS Wolverines batting - Pitching for Deer Park HS Falcons : RHP Max Mertus
Batting: RHB Devon Hamrick 0-0: Ball
1-0: Swinging Strike
1-1: Swinging Strike
1-2: Foul Ball, location: 2F
1-2: Ball
2-2: Ball
3-2: Base on Balls
Batting: LHB Cole Wiggins 0-0: Ball
1-0: SINGLE (Groundball, 6D, EV 95.6 MPH)
Devon Hamrick to second
Batting: LHB Gavin Knight 0-0: Called Strike
0-1: Ball
1-1: Swinging Strike
1-2: Ball
2-2: Ball
3-2: Foul Ball, location: 2F
3-2: Base on Balls
Devon Hamrick to third
Cole Wiggins to second
Batting: LHB Jake Millar 0-0: Called Strike
0-1: Called Strike
0-2: Strikes out swinging
Pitching: RHP Garrett Fiorenza
Pinch Hitting: SHB Elias Robbins 0-0: Ball
1-0: Foul Ball, location: 2F
1-1: Fly out, F8 (Flyball, 8LD, EV 100.0 MPH)
Runner from 3rd tags up, SCORES, throw by CF
Batting: RHB Mitchell Henderson 0-0: Foul Ball, location: 2F
0-1: Ball
1-1: Ball
2-1: Called Strike
2-2: Fielders Choice at 2nd, 6-4 (Groundball, 6, EV 76.2 MPH)
Top of the 6th over - 1 run, 1 hit, 0 errors, 2 left on base; Chandler HS 3 - Deer Park HS 3
BOTTOM OF THE 6TH
Deer Park HS Falcons batting - Pitching for Chandler HS Wolverines : LHP James Johnston
Pitching: RHP Kaden Laws
Now in RF: Jordan Apfel
Batting: RHB Kenny Dimick 0-0: Fly out, F7 (Line Drive, 7, EV 102.5 MPH)
Batting: RHB Kellen Brenning 0-0: Called Strike
0-1: Called Strike
0-2: Strikes out swinging
Batting: LHB David Hankins 0-0: Ball
1-0: Ball
2-0: Called Strike
2-1: Foul Ball, location: 2F
2-2: Strikes out swinging
Bottom of the 6th over - 0 runs, 0 hits, 0 errors, 0 left on base; Chandler HS 3 - Deer Park HS 3
TOP OF THE 7TH
Chandler HS Wolverines batting - Pitching for Deer Park HS Falcons : RHP Garrett Fiorenza
Batting: RHB Toby Henry 0-0: Hit by Pitch
Batting: RHB Oakley Faz 0-0: Sac Bunt to 13S - play at first, batter OUT! 1-3
Toby Henry to second
Batting: RHB Marc Swenson 0-0: Swinging Strike
0-1: Called Strike
0-2: Ball
1-2: Ground out 3-1 (Groundball, 34S, EV 75.6 MPH)
Toby Henry to third
Batting: RHB Devon Hamrick 0-0: Ball
1-0: Called Strike
1-1: Ball
2-1: Foul Ball, location: 2F
2-2: Foul Ball, location: 2F
2-2: Fly out, F8 (Flyball, 8LD, EV 103.8 MPH)
Top of the 7th over - 0 runs, 0 hits, 0 errors, 1 left on base; Chandler HS 3 - Deer Park HS 3
BOTTOM OF THE 7TH
Deer Park HS Falcons batting - Pitching for Chandler HS Wolverines : RHP Kaden Laws
Batting: RHB Emmett Bei 0-0: SOLO HOME RUN (Flyball, 7LD, EV 96.9 MPH), Distance : 357 ft
Batting: SHB Brian Schmitz 0-0: Ball
1-0: SINGLE (Line Drive, 78S, EV 104.4 MPH)
Batting: RHB Mather Saiki 0-0: Ball
1-0: Ball
2-0: Fly out, F8 (Flyball, 8RXD, EV 98.8 MPH)
Runner from 1st tags up, SAFE at 2nd
Batting: RHB Cody Baker 0-0: Foul Ball, location: 2F
0-1: Swinging Strike
0-2: Ground out 5-3 (Groundball, 56, EV 87.5 MPH)
Batting: RHB Keenan Buckhalter 0-0: Called Strike
0-1: Foul Ball, location: 2F
0-2: Strikes out swinging
Bottom of the 7th over - 1 run, 2 hits, 0 errors, 1 left on base; Chandler HS 3 - Deer Park HS 4
TOP OF THE 8TH
Chandler HS Wolverines batting - Pitching for Deer Park HS Falcons : RHP Garrett Fiorenza
Batting: LHB Cole Wiggins 0-0: Ground out 6-3 (Groundball, 6, EV 100.0 MPH)
Batting: LHB Gavin Knight 0-0: Swinging Strike
0-1: Foul Ball, location: 2F
0-2: Ball
1-2: Foul Ball, location: 2F
1-2: Ball
2-2: Fly out, F6 (Popup, 6M, EV 74.4 MPH)
Batting: LHB Jake Millar 0-0: Foul Ball, location: 2F
0-1: Foul Ball, location: 2F
0-2: Strikes out swinging
Top of the 8th over - 0 runs, 0 hits, 0 errors, 0 left on base; Chandler HS 3 - Deer Park HS 4
BOTTOM OF THE 8TH
Deer Park HS Falcons batting - Pitching for Chandler HS Wolverines : RHP Kaden Laws
Batting: RHB Corey Palmer 0-0: Ball
1-0: Ball
2-0: Called Strike
2-1: Swinging Strike
2-2: Foul Ball, location: 2F
2-2: Foul Ball, location: 2F
2-2: Strikes out looking and he ARGUES THE CALL AND IS TOSSED!
Batting: RHB Kenny Dimick 0-0: Swinging Strike
0-1: Ground out 5-3 (Groundball, 5L, EV 86.2 MPH)
Batting: RHB Kellen Brenning 0-0: Called Strike
0-1: Ball
1-1: Ball
2-1: Swinging Strike
2-2: SINGLE (Groundball, 34D, EV 104.4 MPH)
Pitching: RHP L.G. Phelps
Batting: LHB David Hankins 0-0: Called Strike
0-1: Ball
1-1: Foul Ball, location: 2F
1-2: Strikes out swinging
Bottom of the 8th over - 0 runs, 1 hit, 0 errors, 1 left on base; Chandler HS 3 - Deer Park HS 4
TOP OF THE 9TH
Chandler HS Wolverines batting - Pitching for Deer Park HS Falcons : RHP Garrett Fiorenza
Pitching: LHP Chase Touchstone
Now at 2B: Keegan Cotner
Pinch Hitting: RHB Jahlil Glenn 0-0: Ball
1-0: Swinging Strike
1-1: Foul Ball, location: 2F
1-2: Ball
2-2: Strikes out looking
Batting: RHB Mitchell Henderson 0-0: Fly out, F9 (Line Drive, 89M, EV 88.8 MPH)
Pinch Hitting: LHB Kaleb Larson 0-0: Ball
1-0: Fly out, F8 (Flyball, 89D, EV 90.0 MPH)
Top of the 9th over - 0 runs, 0 hits, 0 errors, 0 left on base; Chandler HS 3 - Deer Park HS 4
Wednesday, April 17th , 2024 - OOTP Baseball 23.10 Build 110